 Dungeon Crawl Stone Soup version 0.29-a0-234-g0dae59b3db (webtiles) character file.

Game seed: 11698650414837300612

6580 Murumi the Blocker (level 11, -6/89 HPs)
             Began as a Formicid Fighter on Mar 3, 2022.
             Was an Elder of Okawaru.
             Killed from afar by a tengu conjurer (27 damage)
             ... with a bolt of lightning
             ... on level 8 of the Dungeon.
             The game lasted 00:37:09 (11612 turns).

Murumi the Blocker (Formicid Fighter)              Turns: 11612, Time: 00:37:10

Health: -6/89      AC: 16    Str: 21    XL:     11   Next: 21%
Magic:  14/14      EV:  7    Int: 12    God:    Okawaru [****..]
Gold:   287        SH: 12    Dex: 10    Spells: 10/10 levels left

rFire   . . .      SeeInvis +   n - +2 dire flail (elec)
rCold   . . .      Faith    .   c - +1 buckler
rNeg    . . .      Spirit   .   B - +0 plate armour
rPois   +          Reflect  +   (helmet unavailable)
rElec   .          Harm     .   E - +0 cloak
rCorr   .          Rampage  .   m - +0 pair of gloves
Will    ++...                   (no boots)
Stlth   ..........              u - amulet of reflection
HPRegen 0.24/turn               x - ring "Poff" {rPois Slay+4}
MPRegen 0.14/turn               z - ring of willpower

@: studying Long Blades
A: permanent stasis, dig shafts and tunnels, antennae 3, four strong arms
a: Dig, Shaft Self, Renounce Religion, Heroism, Finesse


You were on level 8 of the Dungeon.
You worshipped Okawaru.
Okawaru was greatly pleased with you.
You visited 2 branches of the dungeon, and saw 9 of its levels.
You also visited: Ossuary.

You collected 440 gold pieces.
You spent 153 gold pieces at shops.

Inventory:

Hand Weapons
 e - a +2 whip of draining
 n - a +2 dire flail of electrocution (weapon)
Missiles
 w - 2 throwing nets
Armour
 c - a +1 buckler (worn)
 m - a +0 pair of gloves (worn)
 B - a +0 plate armour (worn)
 E - a +0 cloak (worn)
Jewellery
 h - the ring "Poom" {Ice rN+ Dex-3 Slay+2}
   (You took it off an orc on level 7 of the Dungeon)

   [ring of ice]

   It enhances your ice magic.
   Dex:       It affects your dexterity (-3).
   Slay:      It affects your accuracy & damage with ranged weapons and melee
   (+2).
   rF:        It makes you vulnerable to fire.
   rC:        It protects you from cold.
   rN:        It protects you from negative energy.
 k - a ring of ice
 t - an amulet of regeneration
 u - an amulet of reflection (around neck)
 x - the ring "Poff" (left hand) {rPois Slay+4}
   (You found it on level 7 of the Dungeon)

   [ring of poison resistance]

   Slay:      It affects your accuracy & damage with ranged weapons and melee
   (+4).
   rPois:     It protects you from poison.
 z - a ring of willpower (right hand)
Wands
 b - a wand of iceblast (16)
 f - a wand of digging (5)
 l - a wand of flame (10)
 y - a wand of paralysis (6)
Scrolls
 a - 2 scrolls of amnesia
 o - 3 scrolls of magic mapping
 s - a scroll of enchant armour
 v - 3 scrolls of identify
 D - a scroll of fog
Potions
 d - 4 potions of might
 g - 7 potions of attraction
 i - a potion of brilliance
 j - a potion of invisibility
 p - 4 potions of curing
 q - 2 potions of resistance
 r - 2 potions of mutation
 A - 2 potions of ambrosia
 C - a potion of lignification


   Skills:
 - Level 9.0 Fighting
 + Level 7.3 Maces & Flails
 - Level 9.0 Armour
 - Level 3.0 Dodging
 - Level 10.0 Shields
 - Level 5.0 Invocations
 - Level 4.0 Evocations


You had 10 spell levels left.
You didn't know any spells.
Your spell library contained the following spells:

 Spells                   Type           Power      Damage    Failure   Level
 Pain                     Necr           0%         1d4       99%         1
 Corpse Rot               Necr/Air       0%         N/A       100%        2
 Static Discharge         Conj/Air       0%         N/A       100%        2
 Ozocubu's Armour         Ice            0%         N/A       100%        3
 Dispel Undead            Necr           0%         3d6       100%        4
 Sticky Flame             Conj/Fire      0%         2d3       100%        4
 Agony                    Necr           0%         N/A       100%        5
 Excruciating Wounds      Necr           0%         N/A       100%        5
 Ozocubu's Refrigeration  Ice            0%         4d5       100%        7
 Death Channel            Necr           Unusable   N/A       N/A         6

Dungeon Overview and Level Annotations

Branches:
Dungeon (8/15)             Temple (1/1) D:6         Ossuary (visited)
   Lair: D:8-11

Altars:
Ashenzari
Cheibriados
Dithmenos
Fedhas
Gozag
Hepliaklqana
Kikubaaqudgha
Makhleb
Nemelex Xobeh
Okawaru
Qazlal
Ru
Sif Muna
Trog
Uskayaw
Vehumet
Wu Jian
Xom
Yredelemnul
Zin
The Shining One

Shops:
D:2 (

Annotations:
D:8 1 runed translucent door


Innate Abilities, Weirdness & Mutations

You cannot be hasted, slowed, berserked, paralysed or teleported.
You can dig through walls and to a lower floor.
You have a pair of large antennae on your head. (SInv)
Your four strong arms can wield two-handed weapons with a shield.


Message History

You hit the basilisk.
The basilisk is heavily wounded.
You block the basilisk's attack.
The tengu conjurer mumbles some strange words.
The tengu conjurer conjures a globe of magical energy!
A battlesphere comes into view.
You puncture the basilisk!
The basilisk is almost dead.
The basilisk closely misses you.
You bludgeon the basilisk!!
Lightning courses through the basilisk!!
You kill the basilisk!
Okawaru accepts your kill.
You can now speed up your combat.
The tengu conjurer points at you and mumbles some strange words.
The bolt of lightning misses the orc wizard.
The bolt of lightning misses you. The bolt of lightning hits you!!
You closely miss the orc. The orc hits you with a +0 flail.
You puncture the orc!
You kill the orc!
You bludgeon the tengu conjurer!!
The tengu conjurer is heavily wounded.
The tengu conjurer hits you.
You block the tengu conjurer's attack. x2
You miss the tengu conjurer.
The tengu conjurer is heavily wounded.
A komodo dragon comes into view.
The tengu conjurer hits you but does no damage.
The tengu conjurer closely misses you.
The tengu conjurer claws you but does no damage.
The komodo dragon hisses angrily.
You sock the tengu conjurer!
The tengu conjurer is almost dead.
The tengu conjurer gestures at you while chanting.
The bolt of lightning hits you! The bolt of lightning hits you!!
* * * LOW HITPOINT WARNING * * *
You are too injured to fight recklessly!
You closely miss the tengu conjurer.
The tengu conjurer is almost dead.
The tengu conjurer casts a spell at you.
The bolt of lightning hits you!!
You die...

#.. #....+... #.. {{
#..###... #### #..###...
##...# #.>......
##.....## ####.#####..
#.......### ...##....##..
#.........##
.....####.##..
#.......#..#l*.... #.##..
##......##@Qo.....{
#.##.. ##......###......{
#.##..
#####...###.....####)#...
##...# #...##........
##.)#######.....#...
###.#..............
#...####.#.##....
###.#.......#....
#.#.#.....#....


You could see a komodo dragon, a tengu conjurer, an orc wizard and a
battlesphere.

Vanquished Creatures
  A two-headed ogre (D:7)
  A gargoyle (D:7)
  A hornet (D:8)
  A slime creature (D:7)
  A basilisk (D:8)
  Eustachio (D:5)
  3 steam dragons
  A vampire mosquito (D:7)
  2 water moccasins (D:5)
  A sky beast (D:8)
  7 orc warriors
  An ice beast (D:7)
  4 centaurs
  5 ogres
  A kobold brigand (D:8)
  A phantom (D:4)
  An elf zombie (Ossuary)
  5 bullfrogs
  A necrophage (D:4)
  2 scorpions
  9 wights (D:7)
  12 killer bees
  A centaur zombie (Ossuary)
  3 jellies
  A hound (D:7)
  4 orc priests
  3 gnoll shamans
  Jessica (D:2)
  Natasha (thrice) (D:2)
  An iguana (D:5)
  6 orc wizards
  6 hound zombies (Ossuary)
  3 mummies (Ossuary)
  7 gnolls
  7 adders
  3 white imps (D:7)
  4 adder zombies (Ossuary)
  3 worms (D:2)
  3 dart slugs
  34 orcs
  3 bats
  4 endoplasms
  4 giant cockroaches
  2 gnoll zombies (Ossuary)
  9 goblins
  7 hobgoblins
  2 jackals (D:3)
  2 quokkas (D:4)
  4 ball pythons
  2 frilled lizards (D:1)
  4 goblin zombies (Ossuary)
  2 hobgoblin zombies (Ossuary)
  6 jackal zombies (Ossuary)
  9 kobolds
  A kobold zombie (Ossuary)
  An orc zombie (Ossuary)
  4 quokka zombies (Ossuary)
  5 rats
  3 rat zombies (Ossuary)
229 creatures vanquished.

Vanquished Creatures (others)
  An orc (D:7)
1 creature vanquished.

Grand Total: 230 creatures vanquished

Notes
Turn   | Place    | Note
-------+----------+-------------------------------------------
     0 | D:1      | Murumi the Formicid Fighter began the quest for the Orb.
     0 | D:1      | Reached XP level 1. HP: 18/18 MP: 1/1
   381 | D:1      | Reached skill level 4 in Shields
   412 | D:1      | Found a faded altar of an unknown god.
   426 | D:1      | Reached XP level 2. HP: 15/17 MP: 2/2
  1087 | D:2      | Reached XP level 3. HP: 27/28 MP: 3/3
  1498 | D:2      | Reached skill level 1 in Dodging
  1498 | D:2      | Reached XP level 4. HP: 32/37 MP: 4/4
  1589 | D:2      | Identified the +5 dagger of Zeozuow {antimagic, Dex+3}
  1592 | D:2      | Noticed Natasha
  1593 | D:2      | Noticed Jessica
  1603 | D:2      | Killed Jessica
  1612 | D:2      | Killed Natasha
  1613 | D:2      | Reached XP level 5. HP: 14/42 MP: 0/5
  1903 | D:2      | Found Xees's Weapon Shop.
  2003 | D:2      | Found an opulent altar of Gozag.
  2257 | D:2      | Noticed Natasha
  2268 | D:2      | Killed Natasha
  2269 | D:2      | Reached skill level 5 in Shields
  2312 | D:2      | Noticed Natasha
  2319 | D:2      | Killed Natasha
  2320 | D:2      | Reached skill level 1 in Evocations
  2805 | D:3      | Reached XP level 6. HP: 40/48 MP: 6/6
  3282 | D:2      | Bought a +1 dire flail of protection for 153 gold pieces
  3729 | D:4      | Found a sand-covered staircase.
  3734 | Ossuary  | Entered an ossuary
  3935 | Ossuary  | Reached skill level 5 in Fighting
  3935 | Ossuary  | Reached XP level 7. HP: 56/56 MP: 7/7
  4114 | Ossuary  | Reached skill level 5 in Armour
  4380 | D:4      | Reached skill level 6 in Shields
  4740 | D:5      | Entered Level 5 of the Dungeon
  4831 | D:4      | Reached XP level 8. HP: 46/62 MP: 8/8
  4928 | D:5      | Reached skill level 7 in Shields
  5327 | D:5      | Reached skill level 5 in Maces & Flails
  5524 | D:5      | Noticed Eustachio
  5549 | D:5      | Killed Eustachio
  5892 | D:5      | Reached XP level 9. HP: 65/69 MP: 9/9
  6298 | D:6      | Reached skill level 8 in Shields
  7019 | D:6      | Found a staircase to the Ecumenical Temple.
  7026 | Temple   | Entered the Ecumenical Temple
  7377 | Temple   | Became a worshipper of Warmaster Okawaru
  7487 | D:6      | Reached skill level 1 in Invocations
  8298 | D:7      | Reached * piety under Okawaru
  8977 | D:7      | Reached XP level 10. HP: 64/78 MP: 13/13
  9045 | D:7      | Reached skill level 9 in Shields
  9063 | D:7      | Found a large runed translucent door.
  9063 | D:7      | Found a large runed translucent door.
  9067 | D:7      | Found a large runed translucent door.
  9067 | D:7      | Found a large runed translucent door.
  9093 | D:7      | Noticed a two-headed ogre
  9103 | D:7      | Killed a two-headed ogre
  9365 | D:7      | Identified the ring "Poff" {rPois Slay+4}
  9520 | D:7      | Reached ** piety under Okawaru
  9559 | D:7      | Noticed a gargoyle
  9563 | D:7      | Killed a gargoyle
  9587 | D:7      | Reached skill level 5 in Invocations
  9620 | D:7      | Identified the ring "Poom" {Ice rN+ Dex-3 Slay+2}
  9864 | D:7      | Reached *** piety under Okawaru
  9869 | D:7      | Reached skill level 10 in Shields
  9889 | D:7      | Identified the +8 war axe "Tiebraij" {vamp, rN+ Str+5}
 10277 | D:8      | Reached XP level 11. HP: 87/87 MP: 14/14
 10281 | D:8      | Found a runed translucent door.
 11052 | D:8      | Found a runed translucent door.
 11606 | D:8      | Reached **** piety under Okawaru
 11612 | D:8      | Killed from afar by a tengu conjurer

Illustrated notes

Levels and vault maps discovered:
D:1:      minmay_arrival_widening_spiral_wide, layout_basic,
          shapermc_ecumenical_altar_venn, serial_glass, glass_columns_b,
          glass_columns_a, glass_columns_a, glass_columns_a, glass_columns_b,
          glass_columns_b, glass_columns_a, glass_columns_b, glass_columns_b,
          glass_columns_b, kennysheep_minor_cross
D:2:      layout_basic, serial_shops, nicolae_shop_competitors_out_of_business,
          basic_altar, uniq_natasha, uniq_jessica
D:3:      layout_loops_corners, dk_noncrumbling_4
D:4:      layout_basic, enter_ossuary_2
D:5:      layout_basic, uniq_eustachio
D:6:      layout_basic, minmay_temple_entry_overgrown
D:7:      layout_basic, minmay_misc_feat_diagonals,
          minmay_hollow_rounded_squares
D:8:      cheibrodos_histonic, layout_basic
Temple:   regret_index_temple_sigil_plot

Skill      XL: |  1  2  3  4  5  6  7  8  9 10 11 |
---------------+----------------------------------+-----
Shields        | 4 5 6 7 8 10 | 10.0
Fighting       | 4 5 6 7 8 9 |  9.0
Armour         | 4 5 6 7 8 9 |  9.0
Dodging        | 1 2 3 |  3.0
Maces & Flails | 3 4 5 6 7 |  7.3
Evocations     | 2 3 4 |  4.0
Invocations    | 4 5 |  5.0

Action                   |  1- 3 |  4- 6 |  7- 9 | 10-12 || total
-------------------------+-------+-------+-------+-------++-------
Melee: Flail             |    10 |       |       |       ||    10
       Whip              |    82 |   108 |       |       ||   190
       Dire flail        |       |    80 |   365 |   185 ||   630
Invok: Heroism           |       |       |       |     3 ||     3
 Abil: Dig               |       |       |     3 |     1 ||     4
  Use: Scroll            |     7 |     6 |     9 |     4 ||    26
       Potion            |       |     1 |       |     1 ||     2
 Stab: Distracted        |       |       |     1 |       ||     1
       Invisible         |       |       |       |     3 ||     3
Armor: Scale mail        |    27 |    68 |    80 |       ||   175
       Chain mail        |       |       |    33 |       ||    33
       Plate armour      |       |       |     4 |    58 ||    62
Dodge: Dodged            |    35 |    59 |   124 |    30 ||   248
Block: Buckler           |    14 |    33 |   135 |    95 ||   277
       Reflection        |       |       |       |     9 ||     9

Table legend: (Time is in decaauts)
 A = Elapsed time spent in this place.
 B = Non-inter-level travel time spent in this place.
 C = Inter-level travel time spent in this place.
 D = Time resting spent in this place.
 E = Time spent auto-exploring this place.
 F = Levels seen in this place.
 G = Mean time per level.
                   A        B        C        D        E       F      G
               +--------+--------+--------+--------+--------+-----+--------+
         Total |  11657 |  10974 |    683 |    396 |   8539 |  10 | 1165.7 |
       Dungeon |  10748 |  10121 |    627 |    396 |   8016 |   8 | 1343.5 |
        Temple |    384 |    328 |     56 |      0 |    308 |   1 |  384.0 |
       Ossuary |    524 |    524 |      0 |      0 |    215 |   1 |  524.0 |
               +--------+--------+--------+--------+--------+-----+--------+

Top non-repeatable levels by time:
     D:7: 1782 daAuts
     D:5: 1640 daAuts
     D:8: 1581 daAuts
     D:2: 1572 daAuts
     D:6: 1361 daAuts
     D:1: 1108 daAuts
     D:3: 1031 daAuts
     D:4: 669 daAuts
 Ossuary: 524 daAuts
  Temple: 384 daAuts
